 Dungeon Crawl Stone Soup version 0.30-a0-782-ge64f9170bb (webtiles) character file.

Game seed: 15296645626690752936

10951 zibby the Covert (level 11, -2/73 HPs)
             Began as an Octopode Brigand on Mar 1, 2023.
             Was a Follower of Yredelemnul.
             Shot with an arrow by a centaur (10 damage)
             ... on level 12 of the Dungeon.
             The game lasted 01:03:48 (13057 turns).

zibby the Covert (Octopode Brigand)                Turns: 13057, Time: 01:03:49

Health: -2/73      AC:  1    Str: 12    XL:     11   Next: 70%
Magic:  0/13       EV: 16    Int: 19    God:    Yredelemnul [*.....]
Gold:   685        SH:  8    Dex: 17    Spells: 4/13 levels left

rFire   + . .      SeeInvis +    b - +0 rapier (flame)
rCold   . . .      Faith    .    x - +3 buckler {rPois}
rNeg    . . .      Spirit   +    (helmet restricted)
rPois   +          Reflect  .    v - amulet of guardian spirit
rElec   .          Harm     .    f - +6 ring of intelligence
rCorr   .          Rampage  .    i - ring of wizardry
Will    .....                    g - ring of protection from fire
Stlth   +++++++                  j - ring of see invisible
HPRegen 0.32/turn                m - ring of poison resistance
MPRegen 0.13/turn                (no ring)
                                 (no ring)
                                 (no ring)

@: no status effects
A: almost no armour, amphibious, 8 rings, camouflage 1, gelatinous body 1,
(nimble swimmer 1), tentacles
a: Renounce Religion, Recall Undead Harvest


You were on level 12 of the Dungeon.
You worshipped Yredelemnul.
Yredelemnul was noncommittal.
You visited 2 branches of the dungeon, and saw 13 of its levels.

You collected 717 gold pieces.
You spent 32 gold pieces at shops.

Inventory:

Hand Weapons
 a - a +2 falchion of protection
 b - a +0 rapier of flaming (weapon)
 c - a +3 dagger of protection
 u - a +2 heavy trident
 D - a +0 vampiric short sword
 G - a +4 short sword
Missiles
 t - 10 javelins
 A - 23 poisoned darts (quivered)
 H - 2 boomerangs
Armour
 x - a +3 buckler of poison resistance (worn)
Jewellery
 f - a +6 ring of intelligence (left tentacle)
 g - a ring of protection from fire (on tentacle)
 i - a ring of wizardry (right tentacle)
 j - a ring of see invisible (on tentacle)
 m - a ring of poison resistance (on tentacle)
 v - an amulet of guardian spirit (around mantle)
 y - a ring of fire
Wands
 h - a wand of paralysis (13)
 r - a wand of roots (16)
 s - a wand of digging (9)
 E - a wand of polymorph (4)
Scrolls
 n - 4 scrolls of magic mapping
 p - 5 scrolls of teleportation
 C - a scroll of blinking
 F - a scroll of butterflies
Potions
 d - 2 potions of degeneration {unknown}
 e - a potion of flight
 k - a potion of haste
 l - 3 potions of curing
 o - 2 potions of might
 q - a potion of cancellation
 w - a potion of magic
 z - 2 potions of lignification
 B - a potion of ambrosia


   Skills:
 + Level 6.3 Fighting
 + Level 6.2(7.7) Short Blades
 + Level 7.1(8.2) Long Blades
 + Level 7.0 Throwing
 + Level 7.0 Dodging
 + Level 13.7 Stealth
 + Level 4.2 Shields
 + Level 1.7 Spellcasting
 + Level 1.1 Transmutations
 + Level 1.1 Fire Magic
 + Level 2.0 Poison Magic
 + Level 1.3 Evocations


You had 4 spell levels left.
You knew the following spells:

 Your Spells              Type           Power      Damage    Failure   Level
a - Magic Dart            Conj           4%         1d3       9%          1
b - Searing Ray           Conj           2%         2d4       13%         2
c - Ignite Poison         Fire/Tmut/Pois 7%         N/A       16%         3
d - Dazzling Flash        Conj/Hex       2%         N/A       26%         3

Your spell library contained the following spells:

 Spells                   Type           Power      Damage    Failure   Level
 Call Imp                 Summ           1%         N/A       13%         2
 Mephitic Cloud           Conj/Pois/Air  4%         N/A       21%         3
 Kindle Blastsparks       Fire/Tloc/Air  6%         2d10      22%         3
 Gell's Gravitas          Tloc           1%         N/A       26%         3
 Teleport Other           Tloc           1%         N/A       26%         3
 Vhi's Electric Charge    Tloc/Air       2%         N/A       26%         3
 Airstrike                Air            0%         2d(1-17)  61%         4
 Fulminant Prism          Conj/Hex       0%         3d5       61%         4
 Summon Lightning Spire   Summ/Air       1%         N/A       61%         4
 Agony                    Necr           1%         N/A       91%         5
 Arcjolt                  Conj/Air       0%         1d10      91%         5
 Freezing Cloud           Conj/Ice/Air   0%         6-21      91%         5
 Lightning Bolt           Conj/Air       0%         1d11      91%         5
 Silence                  Hex/Air        0%         N/A       91%         5
 Dispersal                Tloc           0%         N/A       100%        6
 Maxwell's Capacitive Co  Air            0%         ∞         100%        8


Dungeon Overview and Level Annotations

Branches:
Dungeon (12/15)            Temple (1/1) D:4            Lair (0/5) D:8
    Orc (0/2) D:11

Altars:
Ashenzari
Cheibriados
Dithmenos
Elyvilon
Fedhas
Gozag
Hepliaklqana
Kikubaaqudgha
Makhleb
Nemelex Xobeh
Okawaru
Qazlal
Ru
Sif Muna
Trog
Uskayaw
Vehumet
Wu Jian
Xom
Yredelemnul
Zin
The Shining One

Shops:
D:5 *


Innate Abilities, Weirdness & Mutations

You cannot wear most types of armour.
You are amphibious.
You can wear up to eight rings at the same time.
Your skin changes colour to match your surroundings (Stealth+).
Your rubbery body absorbs attacks. (AC +1, EV +1)
((You are camouflaged when in or above water. (Stealth+)))
You have tentacles for arms and can constrict up to eight enemies at once.


Message History

The centaur shoots an arrow.
You block the arrow.
Something unseen breaks down the door.
Throw: 26 darts (poison)
Press: ? - help, Q - select action, (/) - cycle Shift-Dir - straight line, f - centaur
Aim: a centaur, wielding a +0 shortbow (ally target, 76% to hit)
You throw a poisoned dart.
The poisoned dart barely misses the centaur.
The centaur shoots an arrow.
The arrow hits you!
Throw: 25 darts (poison)
Press: ? - help, Q - select action, (/) - cycle Shift-Dir - straight line, f/p - centaur
Aim: a centaur, wielding a +0 shortbow (ally target, 76% to hit)
You throw a poisoned dart. The poisoned dart hits the centaur!
The centaur is poisoned.
The centaur shoots an arrow.
You block the arrow.
Throw: 24 darts (poison)
Press: ? - help, Q - select action, (/) - cycle Shift-Dir - straight line, f - centaur, p - centaur
Aim: a centaur, wielding a +0 shortbow (76% to hit)
You throw a poisoned dart. The poisoned dart hits the centaur.
The centaur shoots an arrow.
The arrow hits you!
Casting: Ignite Poison (dangerous; 16% risk of failure)
Confirm with . or Enter, or press ? or * to list all spells.
You can't see any susceptible monsters within range! (Use Z to cast anyway.)
Casting: Ignite Poison (dangerous; 16% risk of failure)
Confirm with . or Enter, or press ? or * to list all spells.
You ignite the poison in your surroundings!
The centaur shoots an arrow.
The arrow hits your boulder beetle zombie!
The centaur shoots an arrow.
The arrow hits you!
* * * LOW HITPOINT WARNING * * *
The centaur shoots an arrow.
The arrow hits you!
* * * LOW HITPOINT WARNING * * *
The centaur shoots an arrow.
The arrow closely misses you.
The centaur unwields a +0 shortbow.
The centaur hits your boulder beetle zombie but does no damage.
The centaur kicks your boulder beetle zombie.
The centaur shoots an arrow.
The arrow completely misses you.
Your boulder beetle zombie closely misses the centaur.
The centaur shoots an arrow.
The arrow hits you!
You die...
Your body rises from the dead as a mindless zombie.

...# #...##.# #.....#
...# #... #.# #.....#
...# #.. #.### #.....#
...# # #...####.....#
...# ###.##.......# ...#
########..........# ####
#.....#####.......#
#.###.#####.......+ #.#
#......@..##### ######.#
########..#...#
..Z..Z.####....##....#.#
######....#.##......Z..##
.....'....'.######c##c..#
.#####....####...cuc....#
.# #....# #......###.#
+#####....# #(.....# ...
...)......# #......# ####


You could see a white ugly thing, 3 centaurs and a friendly boulder beetle
zombie.

Vanquished Creatures
  A two-headed ogre (D:9)
  A boulder beetle (D:12)
  A cyclops (D:11)
  A hornet (D:9)
  5 trolls
  Sigmund (D:5)
  A shadow (D:10)
  A wraith (D:11)
  2 wyverns
  Eustachio (D:6)
  4 yaks (D:11)
  5 steam dragons
  A water moccasin (D:5)
  A black bear (D:7)
  An ice beast (D:7)
  2 sky beasts
  An ogre (D:5)
  3 orc warriors
  2 wolves
  2 centaurs (D:7)
  A kobold brigand (D:10)
  4 bullfrogs
  5 scorpions
  A gnoll sergeant (D:7)
  13 wights
  2 killer bees (D:5)
  3 howler monkeys
  5 electric eels (D:8)
  2 jellies (D:8)
  6 hounds
  A gnoll bouda (D:10)
  7 orc priests
  Jessica (D:2)
  Terence (D:3)
  12 orc wizards
  5 iguanas
  Robin (D:3)
  10 gnolls
  4 adders
  2 shadow imps (D:6)
  2 white imps
  2 ufetubi (D:5)
  3 worms
  2 dart slugs
  35 orcs
  10 endoplasms
  4 giant cockroaches
  8 hobgoblins
  4 jackals (D:1)
  6 quokkas
  10 ball pythons
  10 bats
  5 frilled lizards (D:1)
  13 goblins
  10 kobolds
  7 rats
254 creatures vanquished.

Vanquished Creatures (collateral kills)
  A cyclops (D:11)
  A gargoyle (D:11)
  A hornet (D:9)
  A wraith (D:11)
  A warg (D:11)
  An orc warrior (D:7)
  A black bear (D:7)
  A wolf (D:8)
  A phantom (D:7)
  A wight (D:10)
  A killer bee (D:5)
  An electric eel (D:8)
  4 orc priests
  2 hounds
  A jelly (D:5)
  3 gnolls (D:10)
  A white imp (D:5)
  5 orcs
28 creatures vanquished.

Vanquished Creatures (others)
  A wyvern zombie (D:10)
  2 troll zombies
  A wight (D:6)
  A yak zombie (D:11)
  A wolf zombie (D:8)
  A hound (D:6)
  A sky beast zombie (D:6)
  An ice beast zombie (D:7)
  A hound zombie (D:8)
  A howler monkey zombie (D:8)
  3 spectral electric eels (D:8)
  An iguana zombie (D:7)
  A jelly zombie (D:8)
  2 spectral shadow imps (D:6)
  3 gnoll zombies (D:10)
  3 kobold zombies (D:10)
  11 orc zombies
  39 plants (D:7)
74 creatures vanquished.

Grand Total: 356 creatures vanquished

Notes
Turn   | Place    | Note
-------+----------+-------------------------------------------
     0 | D:1      | zibby the Octopode Brigand began the quest for the Orb.
     0 | D:1      | Reached XP level 1. HP: 14/14 MP: 1/1
   116 | D:1      | Reached XP level 2. HP: 16/19 MP: 2/2
   173 | D:1      | Reached skill level 6 in Stealth
   409 | D:1      | Reached XP level 3. HP: 24/24 MP: 3/3
  1021 | D:2      | Reached XP level 4. HP: 20/30 MP: 4/4
  1210 | D:2      | Noticed Jessica
  1213 | D:2      | Killed Jessica
  1214 | D:2      | Reached skill level 7 in Stealth
  1239 | D:2      | Reached XP level 5. HP: 17/35 MP: 5/5
  1859 | D:3      | Noticed Robin
  2105 | D:3      | Killed Robin
  2252 | D:3      | Noticed Terence
  2256 | D:3      | Killed Terence
  2257 | D:3      | Reached skill level 8 in Stealth
  2361 | D:3      | Reached XP level 6. HP: 41/41 MP: 6/6
  2486 | D:3      | Found a faded altar of an unknown god.
  3052 | D:4      | Found a staircase to the Ecumenical Temple.
  3175 | Temple   | Entered the Ecumenical Temple
  3319 | Temple   | Became a worshipper of Yredelemnul the Dark
  4141 | D:5      | Entered Level 5 of the Dungeon
  4141 | D:5      | Found Affesih's Assorted Antiques.
  4145 | D:5      | Reached skill level 9 in Stealth
  4145 | D:5      | Reached XP level 7. HP: 46/46 MP: 7/7
  4175 | D:5      | Bought a scroll labelled TAETUHOYLU for 32 gold pieces
  4294 | D:5      | Reached * piety under Yredelemnul
  4394 | D:5      | Found a burning altar of Makhleb.
  4458 | D:5      | Reached skill level 10 in Stealth
  4550 | D:5      | Reached ** piety under Yredelemnul
  4684 | D:5      | Noticed Sigmund
  4698 | D:5      | Killed Sigmund
  4699 | D:5      | Reached XP level 8. HP: 46/54 MP: 6/8
  4705 | D:5      | Reached *** piety under Yredelemnul
  5182 | D:5      | Reached skill level 11 in Stealth
  5751 | D:6      | Noticed Eustachio
  5784 | D:6      | Killed Eustachio
  5816 | D:6      | Reached skill level 5 in Short Blades
  5816 | D:6      | Reached XP level 9. HP: 16/59 MP: 3/9
  6052 | D:6      | Reached skill level 1 in Shields
  6113 | D:6      | Reached skill level 1 in Evocations
  6184 | D:6      | Reached skill level 5 in Throwing
  6415 | D:7      | Reached skill level 1 in Long Blades
  6717 | D:7      | Reached skill level 5 in Dodging
  6773 | D:7      | Reached skill level 12 in Stealth
  6780 | D:7      | Reached skill level 5 in Fighting
  6869 | D:7      | Reached XP level 10. HP: 32/66 MP: 7/10
  8135 | D:7      | Learned a level 1 spell: Magic Dart
  8138 | D:7      | Learned a level 2 spell: Searing Ray
  8142 | D:7      | Learned a level 3 spell: Ignite Poison
  8146 | D:7      | Learned a level 3 spell: Dazzling Flash
  8390 | D:8      | Reached skill level 5 in Long Blades
  9077 | D:8      | Found a staircase to the Lair.
  9429 | D:9      | Found a shadowy altar of Dithmenos.
  9505 | D:9      | Noticed a two-headed ogre
  9525 | D:9      | Killed a two-headed ogre
  9526 | D:9      | Reached skill level 1 in Spellcasting
  9526 | D:9      | Reached skill level 1 in Poison Magic
 10395 | D:9      | Reached XP level 11. HP: 68/72 MP: 9/12
 10698 | D:10     | Entered Level 10 of the Dungeon
 10952 | D:10     | Found a flagged portal.
 11226 | D:10     | Found a radiant altar of Vehumet.
 11851 | D:11     | Reached skill level 13 in Stealth
 12029 | D:11     | Noticed a cyclops
 12041 | D:11     | Killed a cyclops
 12102 | D:11     | Found a staircase to the Orcish Mines.
 12641 | D:11     | Noticed a cyclops
 12649 | D:11     | Killed a cyclops
 12650 | D:11     | Reached skill level 1 in Fire Magic
 12867 | D:12     | Noticed a boulder beetle
 12888 | D:12     | Killed a boulder beetle
 12889 | D:12     | Reached skill level 1 in Transmutations
 13045 | D:12     | Noticed a white ugly thing
 13057 | D:12     | Shot with an arrow by a centaur

Illustrated notes

Levels and vault maps discovered:
D:1:      eino_arrival_cavern_a, layout_basic, chequers_serial_rivers_micro_e
D:2:      layout_basic, kennysheep_generic_room_3, uniq_jessica
D:3:      layout_rooms, shapermc_ecumenical_altar_starsandcircs, uniq_robin,
          uniq_terence
D:4:      cheibrodos_helix_gallery, layout_loops_corners,
          minmay_temple_entry_proselytizer
D:5:      layout_rooms, mainiacjoe_overflow_tiny_flanked, serial_shops,
          nicolae_square_shop, minmay_misc_feat_plants, uniq_sigmund
D:6:      layout_rooms, uniq_eustachio
D:7:      layout_cave_pools, serial_bayou_lagoon_a
D:8:      layout_gridville, erik_lair_island, minmay_door_square
D:9:      kennysheep_blocky_hall, layout_loops_corners,
          grunt_dithmenos_smoke_and_mirrors
D:10:     layout_cave_pools, mainiacjoe_overflow_paths, enter_bailey_2
D:11:     layout_roguey, david_orc_3, chequers_avenue
D:12:     layout_basic, grunt_decor_clamped, nicolae_diode_basic
Temple:   nicolae_temple_bog_church

Skill      XL: |  1  2  3  4  5  6  7  8  9 10 11 |
---------------+----------------------------------+-----
Stealth        | 6 7 8 9 10 11 12 13 | 13.7
Short Blades   | 3 4 5 6 |  6.2
Fighting       | 3 4 5 6 |  6.3
Dodging        | 2 4 5 6 7 |  7.0
Throwing       | 3 4 5 6 7 |  7.0
Shields        | 2 3 4 |  4.2
Evocations     | 1 |  1.3
Long Blades    | 3 6 7 |  7.1
Spellcasting   | 1 |  1.7
Poison Magic   | 1 2 |  2.0
Fire Magic     | 1 |  1.1
Transmutations | 1 |  1.1

Action                     |  1- 3 |  4- 6 |  7- 9 | 10-12 || total
---------------------------+-------+-------+-------+-------++-------
  Melee: Dagger            |    69 |    98 |   142 |       ||   309
         Constrict         |    17 |    17 |    55 |    47 ||   136
         Tentacles         |     9 |    20 |    78 |    83 ||   190
         Punch             |       |     4 |     6 |     3 ||    13
         Short sword       |       |       |     7 |    29 ||    36
         Falchion          |       |       |    83 |   209 ||   292
         Rapier            |       |       |       |    26 ||    26
  Throw: Dart              |       |    14 |    38 |    55 ||   107
         Javelin           |       |       |     9 |    14 ||    23
   Cast: Ignite Poison     |       |       |       |    13 ||    13
         Searing Ray       |       |       |       |     1 ||     1
  Evoke: Wand              |       |       |     7 |       ||     7
    Use: Scroll            |     2 |     8 |     6 |    13 ||    29
         Potion            |       |     6 |     7 |     6 ||    19
   Stab: Sleeping          |    21 |    21 |    10 |    16 ||    68
         Distracted        |       |       |     5 |     4 ||     9
 Armour: Skin              |     3 |     6 |    44 |    27 ||    80
  Dodge: Dodged            |    37 |    63 |   185 |   164 ||   449
  Block: Buckler           |       |       |    60 |   116 ||   176

Table legend: (Time is in decaauts)
 A = Elapsed time spent in this place.
 B = Non-inter-level travel time spent in this place.
 C = Inter-level travel time spent in this place.
 D = Time resting spent in this place.
 E = Time spent auto-exploring this place.
 F = Levels seen in this place.
 G = Mean time per level.
                   A        B        C        D        E       F      G
               +--------+--------+--------+--------+--------+-----+--------+
         Total |  12998 |  12706 |    292 |   2617 |   7770 |  13 |  999.8 |
       Dungeon |  12832 |  12561 |    271 |   2617 |   7663 |  12 | 1069.3 |
        Temple |    165 |    144 |     21 |      0 |    107 |   1 |  165.0 |
               +--------+--------+--------+--------+--------+-----+--------+

Top non-repeatable levels by time:
     D:7: 1460 daAuts
     D:8: 1434 daAuts
     D:4: 1301 daAuts
     D:5: 1281 daAuts
     D:9: 1271 daAuts
     D:2: 1267 daAuts
    D:11: 1210 daAuts
     D:6: 1102 daAuts
    D:10: 904 daAuts
     D:1: 804 daAuts
     D:3: 580 daAuts
    D:12: 213 daAuts
  Temple: 165 daAuts
